 Dungeon Crawl Stone Soup version 0.27-a0-385-g3208abaabc (webtiles) character file.

Game seed: 16605434697366398273

1127 snetch the Chopper (level 8, -3/105 HPs)
             Began as a Minotaur Berserker on Feb 18, 2021.
             Was an Elder of Trog.
             Shot with an arrow by a centaur (5 damage)
             ... on level 5 of the Dungeon.
             The game lasted 00:13:05 (4329 turns).

snetch the Chopper (Minotaur Berserker)             Turns: 4329, Time: 00:13:06

Health: -3/105     AC: 12    Str: 25    XL:     8   Next: 13%
Magic:  7/7        EV:  9    Int:  4    God:    Trog [****..]
Gold:   214        SH:  0    Dex:  9    Spells: 7/7 levels left

rFire    . . .     SeeInvis +   F - +3 quarterstaff (chaos)
rCold    . . .     Faith    .   (shield currently unavailable)
rNeg     . . .     Spirit   .   i - +0 chain mail
rPois    .         Reflect  .   (helmet restricted)
rElec    .         Harm     .   G - +0 cloak
rCorr    .         Rampage  .   (no gloves)
Will     .....                  s - +0 pair of boots
Stlth    ..........             (no amulet)
HPRegen  0.27/turn              g - ring of see invisible
MPRegen  0.10/turn              (no ring)

@: berserking (expiring), very quick
A: retaliatory headbutt, horns 2
a: Renounce Religion, Berserk, Trog's Hand, Brothers in Arms


You were on level 5 of the Dungeon.
You worshipped Trog.
Trog was greatly pleased with you.
You visited 1 branch of the dungeon, and saw 7 of its levels.

You collected 214 gold pieces.

Inventory:

Hand Weapons
 a - a +0 hand axe
 e - a +0 mace of draining
 j - a +0 flail
 B - a +0 trident
 D - a +0 morningstar
 F - a +3 quarterstaff of chaos (weapon)
 H - a +0 halberd
Missiles
 n - 144 stones
 t - 96 arrows
 v - 9 boomerangs
 y - 36 sling bullets
 I - a throwing net
 J - 24 bolts
Armour
 i - a +0 chain mail (worn)
 s - a +0 pair of boots (worn)
 G - a +0 cloak (worn)
Jewellery
 g - a ring of see invisible (left hand)
 k - a ring of see invisible
 K - an amulet of faith {unknown}
Wands
 E - a wand of flame (36)
Scrolls
 b - 2 scrolls of amnesia {unknown}
 c - a scroll of blinking {unknown}
 f - 2 scrolls of enchant armour {unknown}
 h - 3 scrolls of identify {unknown}
 m - 3 scrolls of fog {unknown}
 o - a scroll of magic mapping {unknown}
 p - a scroll of noise {unknown}
 q - a scroll of immolation {unknown}
 w - 3 scrolls of teleportation {unknown}
 C - a scroll of random uselessness {unknown}
Potions
 d - 7 potions of curing {unknown}
 l - 2 potions of degeneration {unknown}
 r - 2 potions of mutation {unknown}
 u - a potion of lignification {unknown}
 x - a potion of magic {unknown}
 z - a potion of flight {unknown}
 A - a potion of brilliance {unknown}
 L - a potion of heal wounds {unknown}


   Skills:
 + Level 6.2 Fighting
 + Level 6.9 Axes
 + Level 0.9(5.5) Maces & Flails
 + Level 5.1(5.2) Staves
 + Level 6.2 Armour
 + Level 3.1 Dodging
 + Level 0.2 Stealth


You had 7 spell levels left.
You didn't know any spells.
Your spell library was empty.

Dungeon Overview and Level Annotations

Branches:
Dungeon (7/15)
 Temple: D:4-7

Altars:
Ashenzari
Fedhas
Okawaru
Qazlal
Ru

Shops:
D:4 =

Annotations:
D:1 water
D:4 lava


Innate Abilities, Weirdness & Mutations

You reflexively headbutt those who attack you in melee.
You have a pair of horns on your head.


Message History

You feel yourself moving faster!
You feel mighty! The jackal barely misses you.
The scorpion stings you but does no damage.
The jackal bites you but does no damage.
The ogre hits you with a +0 giant spiked club!
You hit the jackal.
You kill the jackal!
Trog accepts your kill.
The jackal bites you but does no damage.
Unknown command.
You hit the scorpion. You freeze the scorpion. You headbutt the scorpion!
You kill the scorpion!
Trog accepts your kill.
The jackal bites you but does no damage.
The ogre hits you with a +0 giant spiked club!!
* * * LOW HITPOINT WARNING * * *
Your Armour skill increases to level 6!
You have reached level 8!
You feel stronger.
You sock the ogre! You freeze the ogre.
The ogre is almost dead.
The jackal barely misses you. You furiously retaliate!
You headbutt the jackal!
You kill the jackal!
Trog accepts your kill.
Unknown command.
You sock the ogre!
You kill the ogre!
Trog accepts your kill.
Your Staves skill increases to level 5!
Unknown command.
You barely miss the jackal.
The jackal bites you but does no damage.
Unknown command.
You completely miss the jackal. The jackal barely misses you.
Unknown command.
You are too berserk!
You hit the jackal.
Space warps horribly around the jackal!
You kill the jackal!
Trog accepts your kill.
The centaur shoots an arrow.
The arrow hits you.
You die... # ##...... . .§...##.####....##. #.................##. .#.....###...##.###. #..... ##...### ## ....# #....#### .
Zc.

#.......# ##.#
#†#######.......#
#....##@..#...#.......#
......).........##...###
................#.......
....#...$.........#.....
... #............##...#.
.................###.##.
..............#..# #####
..#.........#####
..#.......###


You could see a centaur and a hound skeleton.

Vanquished Creatures
  Eustachio (D:4)
  An ogre (D:5)
  2 centaurs
  A water moccasin zombie (D:5)
  A scorpion (D:5)
  2 orc priests
  Crazy Yiuf (D:4)
  4 hounds
  2 iguanas
  2 orc wizards
  A worker ant (D:6)
  A hound skeleton (D:4)
  8 adders
  8 gnolls
  A shadow imp (D:6)
  A white imp (D:5)
  3 ufetubi (D:6)
  An ooze (D:1)
  5 worms
  A leopard gecko (D:3)
  15 orcs
  10 bats
  6 giant cockroaches
  12 goblins
  5 hobgoblins
  14 jackals
  2 quokkas (D:3)
  A ball python (D:2)
  9 frilled lizards
  A giant cockroach zombie (D:5)
  7 kobolds
  8 rats
137 creatures vanquished.

Vanquished Creatures (others)
  3 plants
3 creatures vanquished.

Grand Total: 140 creatures vanquished

Notes
Turn   | Place    | Note
-------+----------+-------------------------------------------
     0 | D:1      | snetch the Minotaur Berserker began the quest for the Orb.
     0 | D:1      | Reached XP level 1. HP: 19/19 MP: 0/0
   107 | D:2      | Found an iron altar of Okawaru.
   310 | D:1      | You fall into a shaft and drop 1 floor!
   346 | D:2      | Reached XP level 2. HP: 27/27 MP: 1/1
   405 | D:3      | Reached XP level 3. HP: 23/34 MP: 2/2
   411 | D:3      | Reached XP level 4. HP: 27/41 MP: 3/3
   575 | D:4      | Reached ** piety under Trog
  1329 | D:1      | Reached skill level 5 in Axes
  1425 | D:1      | Reached XP level 5. HP: 47/47 MP: 4/4
  1705 | D:3      | Found a broken altar of Ashenzari.
  1989 | D:2      | Reached *** piety under Trog
  2695 | D:3      | Found a faded altar of an unknown god.
  3106 | D:4      | Reached skill level 5 in Fighting
  3116 | D:4      | Found a blossoming altar of Fedhas.
  3152 | D:4      | Found a runed translucent door.
  3153 | D:4      | Noticed Crazy Yiuf
  3160 | D:4      | Killed Crazy Yiuf
  3161 | D:4      | Reached XP level 6. HP: 53/56 MP: 5/5
  3221 | D:4      | Reached skill level 1 in Staves
  3360 | D:4      | Found a sacrificial altar of Ru.
  3393 | D:4      | Found a stormy altar of Qazlal.
  3430 | D:5      | Entered Level 5 of the Dungeon
  3481 | D:6      | Reached **** piety under Trog
  3537 | D:6      | Reached XP level 7. HP: 50/61 MP: 6/6
  3553 | D:7      | Reached skill level 5 in Armour
  3734 | D:4      | Noticed Eustachio
  3752 | D:4      | Killed Eustachio
  3945 | D:4      | Found Qeidigor's Jewellery Emporium.
  4324 | D:5      | HP: 1/94 [ogre/+0 giant spiked club (28)]
  4325 | D:5      | Reached XP level 8. HP: 2/70 MP: 7/7
  4327 | D:5      | Reached skill level 5 in Staves
  4329 | D:5      | Shot with an arrow by a centaur

Illustrated notes

Levels and vault maps discovered:
D:1:      kennysheep_arrival_seaside, layout_loops_ring, minmay_tetromino_s2
D:2:      layout_basic, okawaru_ov_weapons_minmay
D:3:      layout_rooms, cheibrodos_ashenzari_chains,
          chequers_ecumenical_altar_island, st_stairs_1, minmay_puff
D:4:      layout_rooms, nicolae_qazlal_general_emergency,
          nicolae_ru_awakened_eye, fedhas_altar_1, serial_shops,
          nicolae_shop_waterfront, lemuel_old_faithful, uniq_crazy_yiuf_cottage,
          uniq_eustachio
D:5:      layout_cave_pools, overflow_temple_1_default, old_standard_altar,
          minmay_temple_entry_purple_smoke
D:6:      layout_cave_pools, serial_park, serial_park_square3
          [serial_park_minivault_5x5_4], serial_park_square3
          [serial_park_minivault_5x5_2], serial_park_gazebo
          [serial_park_minivault_5x5_2], serial_park_tiny_1,
          corexii_item_surrounded_by_moat, xom_teletrap_fun
D:7:      layout_cave_pools, overflow_temple_1_default, uniq_duvessa

Skill      XL: |  1  2  3  4  5  6  7  8 |
---------------+-------------------------+-----
Fighting       | 4 5 6 |  6.2
Axes           | 4 5 6 |  6.9
Armour         | 3 4 6 |  6.2
Staves         | 2 4 5 |  5.1
Dodging        | 3 |  3.1
Maces & Flails | |  0.9
Stealth        | |  0.2

Action                   |  1- 3 |  4- 6 |  7- 9 || total
-------------------------+-------+-------+-------++-------
Melee: Hand axe          |    37 |   164 |       ||   201
       Mace              |     9 |       |       ||     9
       Headbutt          |     4 |    32 |    10 ||    46
       Quarterstaff      |       |    45 |    67 ||   112
Invok: Berserk           |     1 |       |     1 ||     2
Armor: Scale mail        |    18 |     8 |       ||    26
       Chain mail        |       |   107 |    50 ||   157
Dodge: Dodged            |    24 |   129 |    57 ||   210

Table legend: (Time is in decaauts)
 A = Elapsed time spent in this place.
 B = Non-inter-level travel time spent in this place.
 C = Inter-level travel time spent in this place.
 D = Time resting spent in this place.
 E = Time spent auto-exploring this place.
 F = Levels seen in this place.
 G = Mean time per level.
                   A        B        C        D        E       F      G
               +--------+--------+--------+--------+--------+-----+--------+
         Total |   4388 |   4244 |    144 |    155 |   2644 |   7 |  626.9 |
       Dungeon |   4388 |   4244 |    144 |    155 |   2644 |   7 |  626.9 |
               +--------+--------+--------+--------+--------+-----+--------+

Top non-repeatable levels by time:
     D:2: 1444 daAuts
     D:1: 839 daAuts
     D:4: 839 daAuts
     D:3: 816 daAuts
     D:5: 327 daAuts
     D:6: 87 daAuts
     D:7: 33 daAuts
